 Dungeon Crawl Stone Soup version 0.19.0-20-gbc5f0c6 (webtiles) character file.

27561 Charly the Severer (level 13, 14/122 HPs)
             Began as a Minotaur Berserker on Nov 18, 2016.
             Was a High Priest of Trog.
             Quit the game on level 2 of the Orcish Mines.
             The game lasted 00:36:11 (4655 turns).

Charly the Severer (Minotaur Berserker)             Turns: 4655, Time: 00:36:12

Health: 14/122     AC: 24    Str: 22    XL:     13   Next: 5%
Magic:  4/4        EV: 11    Int:  4    God:    Trog [*****.]
Gold:   703        SH:  0    Dex: 13    Spells: 0 memorised, 12 levels left

rFire  . . .     SeeInvis .     d - +7 battleaxe (antimagic)
rCold  + . .     Gourm    .     C - +2 plate armour {rC+}
rNeg   . . .     Faith    +     (shield currently unavailable)
rPois  .         Spirit   .     E - +2 hat
rElec  .         Reflect  .     (no cloak)
rCorr  .         Harm     .     A - +1 pair of gloves
MR     .....                    b - +0 pair of boots
Stlth  ..........               l - amulet of faith
                                (no ring)
                                (no ring)

@: exhausted, slowed, very slow
A: retaliatory headbutt, horns 2, slimy green scales 1, screaming 1, weak 1
a: Berserk, Trog's Hand, Brothers in Arms, Burn Spellbooks, Renounce Religion


You were on level 2 of the Orcish Mines.
You worshipped Trog.
Trog was extremely pleased with you.
You were hungry.

You visited 3 branches of the dungeon, and saw 23 of its levels.
You also visited: Sewer.

You collected 703 gold pieces.

Inventory:

Hand Weapons
 d - a +7 antimagic battleaxe (weapon)
 o - the +2 trident "Jaoniuf" {vamp, Str+4 Int+3}
   (You found it on level 6 of the Lair of Beasts)

   It inflicts no extra harm, but heals its wielder when it wounds a living foe.
   It affects your strength (+4).
   It affects your intelligence (+3).
Missiles
 H - 7 javelins of penetration (quivered)
Armour
 b - a +0 pair of boots (worn)
 A - a +1 pair of gloves (worn)
 C - a +2 plate armour of cold resistance (worn)
 E - a +2 hat (worn)
Jewellery
 l - an amulet of faith (around neck)
Wands
 i - a wand of lightning (10/15)
 k - a wand of polymorph (18/24)
 G - a wand of disintegration (3/24)
 N - a wand of enslavement (6/24)
Scrolls
 e - 3 scrolls of remove curse
 f - a scroll of enchant armour
 p - a scroll of enchant weapon
 x - 4 scrolls of recharging
 D - 2 scrolls of holy word
 M - 3 scrolls of teleportation
Potions
 g - a potion of cure mutation
 j - 2 potions of might
 B - 3 potions of curing
 F - a potion of brilliance
Comestibles
 a - a chunk of flesh
 c - 3 bread rations
 I - a fruit
 K - 3 meat rations


   Skills:
 + Level 13.0 Fighting
 * Level 18.2 Axes
 + Level 9.6 Armour
 + Level 8.7 Dodging


You had 12 spell levels left.
You didn't know any spells.

Dungeon Overview and Level Annotations

Branches:
Dungeon (15/15)            Temple (0/1) D:6            Lair (6/6) D:9
 Shoals (0/4) Lair:3        Slime (0/5) Lair:6          Orc (2/2) D:10
    Elf (0/3) Orc:2
  Snake: Lair:2-4    Spider: Lair:2-4    Vaults: D:13-14     Depths: D:15

Altars:

Shops:
D:5 (   Orc:1 :

Annotations:
Lair:5 exclusion: upstairs


Innate Abilities, Weirdness & Mutations

You reflexively headbutt those who attack you in melee.
You have a pair of horns on your head.
You are partially covered in slimy green scales. (AC +2)
You occasionally shout uncontrollably at your foes.
You are weak. (Str -2)


Message History

The orc priest calls down the wrath of Beogh upon you.
Beogh smites you!
* * * LOW HITPOINT WARNING * * *
The orc priest hits you with a flail.
* * * LOW HITPOINT WARNING * * *
The orc knight roars a battlecry!
The orcs go into a battle-frenzy!
Something hits you but does no damage.
The orc warrior hits you from afar with a halberd of freezing!
* * * LOW HITPOINT WARNING * * *
The orc warrior freezes you.
* * * LOW HITPOINT WARNING * * *
The orc wizard hits you but does no damage.
Unknown command.
Are you sure you want to abandon this character and quit the game? (Confirm with "yes".)
Okay, then.
Unknown command.
Unknown command.
Okay, then.
Are you sure you want to abandon this character and quit the game? (Confirm with "yes".)

# ..............
##.#.................
#....................
##..../...............
#..................o..
#.....................
#.............o.o......
##...........)ooo......
#...........o@)oo.....
#............o)o.......
.......................
..........$...........
.....................
...#..o.............
....o$.............
...........$......
................


You could see an orc knight, 4 orc warriors, 3 orc priests, 2 orc wizards and 3
orcs.

Vanquished Creatures
  Kirke (D:13)
  Gastronok (Lair:3)
  Josephine (Lair:5)
  A hydra (Lair:5)
  Erica (Orc:1)
  A centaur warrior (D:14)
  A catoblepas (Lair:6)
  An orc high priest (Orc:2)
  A hill giant (D:11)
  A cyclops (D:11)
  An orc knight (Orc:1)
  An orc sorcerer (Orc:2)
  An ugly thing (D:11)
  3 elephants (Lair:6)
  2 black mambas
  5 spiny frogs
  6 rime drakes
  4 komodo dragons
  5 trolls
  A polar bear (Lair:5)
  A blink frog (Lair:6)
  A hippogriff (Lair:5)
  5 wraiths (Lair:5)
  18 yaks
  A wyvern (D:12)
  2 basilisks
  2 hogs (D:13)
  4 vampire mosquitoes (D:12)
  6 water moccasins
  A hell hound (Lair:6)
  3 porcupines
  A sky beast (D:11)
  10 ice beasts (Lair:1)
  A phantom (D:8)
  15 orc warriors
  3 wolves (Lair:1)
  4 ogres
  8 crocodiles
  2 big kobolds (D:10)
  2 gnoll sergeants (D:10)
  5 bullfrogs
  A scorpion (D:7)
  A wight (D:6)
  A howler monkey (D:4)
  9 orc priests
  A centaur skeleton (D:8)
  2 jellies
  6 orc wizards
  A bullfrog skeleton (D:12)
  An iguana (D:8)
  2 worker ants
  4 hell rats (Lair:2)
  A killer bee zombie (D:5)
  13 gnolls
  A howler monkey skeleton (D:5)
  6 adders
  3 leopard geckos
  45 orcs
  A giant cockroach (D:6)
  2 goblins (D:1)
  A hobgoblin (D:1)
  6 jackals (D:4)
  A quokka (D:6)
  A bat (D:1)
  2 frilled lizards
  3 kobolds (D:1)
  3 rats
  A fungus (Lair:1)
253 creatures vanquished.

Vanquished Creatures (others)
  A polar bear (Lair:6)
  A human (D:13)
  An orc (D:13)
  6 fungi (Lair:6)
  2 plants (Lair:6)
11 creatures vanquished.

Grand Total: 264 creatures vanquished

Notes
Turn   | Place    | Note
-------+----------+-------------------------------------------
     0 | D:1      | Charly the Minotaur Berserker began the quest for the Orb.
     0 | D:1      | Reached XP level 1. HP: 19/19 MP: 0/0
    23 | D:1      | Reached skill level 4 in Axes
    67 | D:1      | Reached XP level 2. HP: 16/26 MP: 1/1
    97 | D:2      | Reached skill level 5 in Axes
    97 | D:2      | Reached XP level 3. HP: 13/31 MP: 2/2
   151 | D:3      | Reached skill level 6 in Axes
   151 | D:3      | Reached XP level 4. HP: 8/39 MP: 3/3
   242 | D:3      | Reached ** piety under Trog
   325 | D:4      | Reached XP level 5. HP: 21/45 MP: 4/4
   331 | D:4      | Reached skill level 7 in Axes
   563 | D:5      | Entered Level 5 of the Dungeon
   649 | D:5      | Found Lafe Xixt's Antique Weapon Emporium.
   722 | D:5      | Reached skill level 8 in Axes
   722 | D:5      | Reached XP level 6. HP: 52/52 MP: 5/5
   753 | D:6      | Found a staircase to the Ecumenical Temple.
   995 | D:6      | Reached *** piety under Trog
  1014 | D:6      | Found a glowing drain.
  1018 | Sewer    | Entered a sewer
  1056 | D:7      | Reached skill level 9 in Axes
  1056 | D:7      | Reached XP level 7. HP: 54/60 MP: 6/6
  1221 | D:8      | Reached skill level 5 in Fighting
  1340 | D:8      | Reached skill level 10 in Axes
  1353 | D:9      | Found a staircase to the Lair.
  1358 | Lair:1   | Entered Level 1 of the Lair of Beasts
  1429 | Lair:1   | Reached XP level 8. HP: 70/70 MP: 7/7
  1484 | Lair:1   | Reached skill level 11 in Axes
  1493 | Lair:1   | Reached skill level 12 in Axes
  1496 | Lair:1   | Reached XP level 9. HP: 81/81 MP: 8/8
  1536 | Lair:1   | Noticed a rime drake
  1545 | Lair:1   | Killed a rime drake
  1545 | Lair:1   | Reached **** piety under Trog
  1545 | Lair:1   | Received a gift from Trog
  1545 | Lair:1   | Reached skill level 13 in Axes
  1552 | Lair:1   | Noticed a rime drake
  1564 | Lair:1   | Killed a rime drake
  1583 | Lair:1   | Noticed a rime drake
  1587 | Lair:1   | Noticed a rime drake
  1590 | Lair:1   | Killed a rime drake
  1596 | Lair:1   | Killed a rime drake
  1596 | Lair:1   | Reached skill level 14 in Axes
  1659 | Lair:1   | Reached XP level 10. HP: 56/92 MP: 9/9
  1827 | Lair:4   | Noticed a five-headed hydra
  1831 | Lair:3   | Found a staircase to the Shoals.
  1831 | Lair:3   | Noticed Gastronok
  1843 | Lair:3   | Killed Gastronok
  1843 | Lair:3   | Reached skill level 10 in Fighting
  1843 | Lair:3   | Reached skill level 15 in Axes
  1945 | Lair:4   | Noticed a spiny frog
  1950 | Lair:4   | Killed a spiny frog
  2006 | Lair:4   | Reached skill level 5 in Armour
  2071 | Lair:4   | Noticed a black mamba
  2080 | Lair:5   | Killed a black mamba
  2080 | Lair:5   | Reached skill level 5 in Dodging
  2080 | Lair:5   | Reached XP level 11. HP: 58/101 MP: 10/10
  2155 | Lair:5   | Received a gift from Trog
  2274 | Lair:5   | Noticed Josephine
  2282 | Lair:5   | Killed Josephine
  2282 | Lair:5   | Reached skill level 16 in Axes
  2382 | Lair:5   | Noticed a four-headed hydra
  2474 | Lair:6   | Entered Level 6 of the Lair of Beasts
  2493 | Lair:6   | Noticed a five-headed hydra
  2521 | Lair:5   | Killed a six-headed hydra
  2567 | Lair:6   | Received a gift from Trog
  2743 | Lair:6   | Noticed a catoblepas
  2876 | Lair:6   | Noticed a six-headed hydra
  2899 | Lair:6   | Got a crystal trident
  2934 | Lair:6   | Noticed a seven-headed hydra
  2942 | Lair:6   | Identified the +2 trident "Jaoniuf" {vamp, Str+4 Int+3} (You found it on level 6 of the Lair of Beasts)
  2972 | Lair:6   | Killed a catoblepas
  2998 | Lair:6   | Reached XP level 12. HP: 56/112 MP: 11/11
  3013 | Lair:6   | Reached skill level 17 in Axes
  3028 | Lair:6   | Found a dark tunnel.
  3443 | D:10     | Entered Level 10 of the Dungeon
  3857 | D:13     | Noticed Kirke
  3870 | D:13     | Killed Kirke
  3901 | D:14     | Noticed a centaur warrior
  3914 | D:14     | Killed a centaur warrior
  3934 | D:15     | Entered Level 15 of the Dungeon
  3934 | D:15     | Noticed an ogre mage
  4096 | D:12     | Reached ***** piety under Trog
  4270 | D:10     | Found a staircase to the Orcish Mines.
  4292 | D:10     | Received a gift from Trog
  4364 | Orc:1    | Entered Level 1 of the Orcish Mines
  4364 | Orc:1    | Found Adghausch's Book Emporium.
  4375 | Orc:1    | Reached skill level 18 in Axes
  4413 | Orc:2    | Entered Level 2 of the Orcish Mines
  4434 | Orc:2    | HP: 5/113 [orc priest/divine providence (14)]
  4456 | Orc:1    | Gained mutation: You are weak. (Str -2) [potion of mutation]
  4456 | Orc:1    | Gained mutation: You occasionally shout uncontrollably at your foes. [potion of mutation]
  4456 | Orc:1    | Gained mutation: You are partially covered in slimy green scales. (AC +2) [potion of mutation]
  4494 | Orc:1    | Noticed Erica
  4503 | Orc:1    | Killed Erica
  4593 | Orc:2    | Noticed an orc high priest
  4606 | Orc:2    | Killed an orc high priest
  4606 | Orc:2    | Reached XP level 13. HP: 107/122 MP: 4/12
  4621 | Orc:2    | Found a staircase to the Elven Halls.
  4655 | Orc:2    | Quit the game

Skill      XL: |  1  2  3  4  5  6  7  8  9 10 11 12 |
---------------+-------------------------------------+-----
Axes           | 4 5 6 8 9 10 12 14 15 16 18 | 18.2
Fighting       | 4 6 7 9 10 11 13 | 13.0
Armour         | 5 7 9 |  9.6
Dodging        | 5 6 8 |  8.7

Action                   |  1- 3 |  4- 6 |  7- 9 | 10-12 | 13-15 || total
-------------------------+-------+-------+-------+-------+-------++-------
Melee: Hand axe          |    24 |     7 |       |       |       ||    31
       Headbutt          |     3 |    21 |    22 |   139 |     1 ||   186
       War axe           |       |    99 |   112 |   171 |       ||   382
       Trident           |       |       |       |   283 |       ||   283
       Battleaxe         |       |       |       |    53 |    11 ||    64
Throw: Throwing net      |       |     1 |       |     1 |       ||     2
Invok: Berserk           |     2 |     5 |     5 |    18 |     1 ||    31
       Trog's Hand       |       |       |     1 |     7 |       ||     8
       Burn Spellbooks   |       |       |       |     2 |       ||     2
Evoke: Wand              |       |       |     2 |    17 |       ||    19
  Use: Scroll            |       |       |       |    18 |     4 ||    22
       Potion            |       |       |       |     6 |       ||     6
 Stab: Confused          |       |       |     3 |       |       ||     3
  Eat: Chunk             |       |     7 |     3 |    27 |     1 ||    38
       Meat ration       |       |       |     1 |       |       ||     1
       Bread ration      |       |       |       |     1 |       ||     1
       Pizza             |       |       |       |     1 |       ||     1
       Fruit             |       |       |       |     1 |       ||     1
Armor: Animal skin       |     6 |       |       |       |       ||     6
       Chain mail        |       |    54 |     3 |       |       ||    57
       Plate armour      |       |       |    37 |   236 |    17 ||   290
Dodge: Dodged            |    17 |    37 |    26 |   200 |    12 ||   292
